 Dungeon Crawl Stone Soup version 0.16.1-2-g95b8d4c (webtiles) character file.

190 Greenwood the Skirmisher (level 5, 0/47 HPs)
             Began as a Hill Orc Venom Mage on Mar 25, 2015.
             Killed from afar by Ijyb (10 damage)
             ... with a wand of cold
             ... on level 3 of the Dungeon.
             The game lasted 00:16:50 (2681 turns).

Greenwood the Skirmisher (Hill Orc Venom Mage)      Turns: 2681, Time: 00:16:50

Health: 0/47       AC:  9    Str: 12    XL:     5   Next: 69%
Magic:  4/7        EV: 10    Int: 15    God:
Gold:   114        SH:  0    Dex: 11    Spells: 1 memorised, 6 levels left

rFire  + . .     SeeInvis .     q - +3 quarterstaff (chaos)
rCold  + . .     Clarity  .     k - +1 ring mail
rNeg   . . .     SustAb   .     (no shield)
rPois  +         Gourm    .     l - +2 hat
rElec  +         Spirit   .     o - +0 cloak
rCorr  +         Warding  .     (no gloves)
rMut   .         Stasis   .     (no boots)
MR     .....                    j - amulet of inaccuracy (curse)
Stlth  +.........               (no ring)
                                (no ring)

@: about to teleport, resistant, very slightly contaminated, not resistant to
hostile enchantments, very unstealthy
A: no striking features
a: no special abilities


You were on level 3 of the Dungeon.
You were not hungry.

You visited 1 branch of the dungeon, and saw 3 of its levels.

You collected 114 gold pieces.

Inventory:

Hand weapons
 e - a +0 dagger
 h - a +1 hunting sling
 q - a +3 quarterstaff of chaos (weapon)
 s - a +1 vampiric dagger
 x - a +0 hand axe
Missiles
 d - 200 stones (quivered)
 f - 9 poisoned needles
 u - 19 sling bullets
 E - 5 needles of paralysis
Armour
 a - a +0 robe
 k - a +1 ring mail (worn)
 l - a +2 hat (worn)
 o - a +0 cloak (worn)
Jewellery
 j - a cursed amulet of inaccuracy (around neck)
 w - an uncursed ring of ice
 y - an uncursed amulet of clarity {unknown}
Scrolls
 i - 2 scrolls of teleportation
 D - a scroll of identify
Potions
 m - a potion of experience {unknown}
 n - 2 potions of brilliance {unknown}
 p - a potion of ambrosia {unknown}
 r - a potion of cure mutation {unknown}
 t - 2 potions of heal wounds {unknown}
 A - a potion of lignification {unknown}
 B - a potion of haste {unknown}
 C - a potion of restore abilities {unknown}
Books
 b - a Young Poisoner's Handbook

   Spells                             Type                      Level
   a - Sting                          Conjuration/Poison           1
   b - Cure Poison                    Poison                       2
   c - Mephitic Cloud                 Conjuration/Poison/Air       3
   d - Olgreb's Toxic Radiance        Poison                       4
   e - Venom Bolt                     Conjuration/Poison           5
 v - a book of Spatial Translocations

   Spells                             Type                      Level
   a - Apportation                    Translocation                1
   b - Blink                          Translocation                2
   c - Shroud of Golubria             Charms/Translocation         2
   d - Portal Projectile              Translocation                3
   e - Teleport Other                 Translocation                3
   f - Passage of Golubria            Translocation                4
Comestibles
 c - a meat ration
 z - a chunk of flesh


   Skills:
 + Level 4.7 Fighting
 + Level 3.4 Armour
 - Level 1.5 Dodging
 - Level 1.5 Stealth
 - Level 1.5 Spellcasting
 - Level 3.6 Poison Magic


You had 6 spell levels left.
You knew the following spells:

 Your Spells              Type           Power        Failure   Level  Hunger
a - Sting                 Conj/Pois      #...         24%         1    ##.....


Dungeon Overview and Level Annotations

Branches:
Dungeon (3/15)

Altars:
Vehumet

Annotations:
D:3 Ijyb, Jessica


Message History

Aim: Ijyb, wielding a dagger The sting misses Ijyb.
Ijyb zaps a wand.
The bolt of cold hits you!
It is a wand of cold.
Casting: Sting
Confirm with . or Enter, or press ? or * to list all spells.
Aiming: Sting
Press: ? - help, Shift-Dir - straight line, f/p - Ijyb
Aim: Ijyb, wielding a dagger and carrying a wand of cold {zapped: 1} The sting misses Ijyb.
Ijyb zaps a wand.
The bolt of cold hits you!
* * * LOW HITPOINT WARNING * * *
Jessica the Apprentice Sorceress comes into view.
Drink which item? (? for menu, Esc to quit)
Okay, then.
Drink which item? (? for menu, Esc to quit)
You feel protected.
Read which item? (? for menu, Esc to quit)
As you read the scroll of teleportation, it crumbles to dust.
You feel strangely unstable.
Ijyb zaps a wand.
The bolt of cold hits you! You resist.
You die...

#### ######..
###########...##.#
#..g..........##.# ##
#.##.##.##.......##..
#. #@##.##.#.##..#...
#g #.##.##.#.##......
#. #.##.##.#........#
@. #.##.##.####.#...#
#. .....##......##.##
## #.##########.####
#.# #.....#### #.#
#.....#..# #.#
###........+


You could see Ijyb.

Vanquished Creatures
  Crazy Yiuf (D:2)
  Robin (D:2)
  4 gnolls (D:3)
  5 adders (D:2)
  2 giant geckos
  An ooze (D:1)
  2 orcs (D:3)
  A ball python (D:1)
  4 bats
  A giant cockroach (D:2)
  17 goblins
  7 hobgoblins
  4 jackals (D:2)
  2 giant newts (D:1)
  7 kobolds
  7 rats
66 creatures vanquished.

Vanquished Creatures (others)
  A giant gecko (D:2)
1 creature vanquished.

Grand Total: 67 creatures vanquished

Notes
Turn   | Place    | Note
--------------------------------------------------------------
     0 | D:1      | Greenwood, the Hill Orc Venom Mage, began the quest for the Orb.
     0 | D:1      | Reached XP level 1. HP: 14/14 MP: 2/2
     3 | D:1      | Noticed an electric eel
     3 | D:1      | Noticed an electric eel
   103 | D:1      | Reached skill level 1 in Fighting
   151 | D:1      | Reached XP level 2. HP: 9/24 MP: 0/3
   783 | D:2      | Reached XP level 3. HP: 17/31 MP: 0/5
   885 | D:2      | Found a radiant altar of Vehumet.
  1220 | D:2      | Reached skill level 1 in Armour
  1226 | D:2      | Reached XP level 4. HP: 23/40 MP: 0/6
  1492 | D:2      | Noticed Robin
  1587 | D:2      | Killed Robin
  1587 | D:2      | Reached skill level 4 in Fighting
  1840 | D:2      | Noticed Crazy Yiuf
  1851 | D:2      | Paralysed by Crazy Yiuf for 6 turns
  1876 | D:2      | HP: 2/40 [Crazy Yiuf/quarterstaff of chaos (2)]
  1889 | D:2      | Killed Crazy Yiuf
  1889 | D:2      | Reached XP level 5. HP: 3/46 MP: 0/7
  2673 | D:3      | Noticed Ijyb
  2677 | D:3      | Noticed Jessica
  2681 | D:3      | Killed from afar by Ijyb

Action                   |  1- 3 |  4- 6 || total
-------------------------+-------+-------++-------
Melee: Dagger            |    88 |    38 ||   126
       Unarmed           |     3 |       ||     3
       Quarterstaff      |       |    16 ||    16
 Cast: Sting             |    33 |    54 ||    87
  Use: Scroll            |       |     7 ||     7
       Potion            |       |     2 ||     2
 Stab: Sleeping          |     2 |       ||     2
       Paralysed         |       |     2 ||     2
  Eat: Chunk             |     1 |     4 ||     5
       Meat ration       |       |     1 ||     1
